 Dungeon Crawl Stone Soup version 0.23.0 (webtiles) character file.

Game seed: 3889038536546262302

1424 Borgoz the Ducker (level 8, -1/51 HPs)
             Began as a Gargoyle Monk on Feb 17, 2019.
             Slain by Menkaure (8 damage)
             ... on level 5 of the Dungeon.
             The game lasted 00:09:05 (5070 turns).

Borgoz the Ducker (Gargoyle Monk)                   Turns: 5070, Time: 00:09:06

Health: -1/51      AC: 12    Str: 12 (15) XL:     8   Next: 72%
Magic:  8/8        EV: 13    Int:  8 (11) God:
Gold:   167        SH:  0    Dex: 13 (14) Spells: 7/7 levels left

rFire    . . .     SeeInvis .   a - +2 dagger (venom)
rCold    . . .     Gourm    .   (no shield)
rNeg     + + .     Faith    +   o - +0 ring mail (curse)
rPois    ∞         Spirit   .   (no helmet)
rElec    +         Reflect  .   (no cloak)
rCorr    .         Harm     .   r - +0 pair of gloves
MR       .....                  (no boots)
Stlth    ++........             v - amulet of faith
HPRegen  0.17/turn              b - ring of positive energy
MPRegen  0.11/turn              (no ring)

@: no status effects
A: negative energy resistance 1, electricity resistance, unbreathing,
petrification resistance, rot immunity, AC +5
a: no special abilities


You were on level 5 of the Dungeon.
You were not hungry.

You visited 1 branch of the dungeon, and saw 5 of its levels.

You collected 167 gold pieces.

Inventory:

Hand Weapons
 a - a +2 dagger of venom (weapon)
Missiles
 f - 9 poisoned needles
 u - 4 poisoned tomahawks (quivered)
Armour
 o - a cursed +0 ring mail (worn)
 r - a +0 pair of gloves (worn)
Jewellery
 b - a ring of positive energy (left hand)
 v - an amulet of faith (around neck)
Wands
 w - a wand of flame (12)
Scrolls
 d - 3 scrolls of enchant weapon {unknown}
 g - a scroll of magic mapping {unknown}
 j - 2 scrolls of identify {unknown}
 k - 3 scrolls of enchant armour
 l - a scroll of fog {unknown}
 m - a scroll of blinking {unknown}
 q - a scroll of amnesia {unknown}
 t - 2 scrolls of remove curse {unknown}
 y - a scroll of teleportation {unknown}
Potions
 e - a potion of haste
 h - a potion of lignification
 i - 2 potions of heal wounds {unknown}
 n - a potion of magic {unknown}
 p - a potion of mutation {unknown}
 s - a potion of degeneration
Comestibles
 c - 13 rations


   Skills:
 + Level 5.8 Fighting
 + Level 4.8 Short Blades
 + Level 3.6 Armour
 * Level 5.8 Dodging
 + Level 5.5 Stealth


You had 7 spell levels left.
You didn't know any spells.
Your spell library contained the following spells:

 Spells                   Type           Power        Failure   Level  Hunger
 Magic Dart               Conj           #...         67%         1    ##.....
 Searing Ray              Conj           #.....       80%         2    ###....
 Dazzling Spray           Conj/Hex       #.....       95%         3    ####...
 Force Lance              Conj/Tloc      #.......     100%        4    #####..
 Fulminant Prism          Conj/Hex       #.........   100%        4    #####..
 Iskenderun's Mystic Bla  Conj           #.......     100%        4    #####..


Dungeon Overview and Level Annotations

Branches:
Dungeon (5/15)
 Temple: D:4-7

Altars:
Gozag
Hepliaklqana
Kikubaaqudgha
Makhleb
Wu Jian
Zin

Annotations:
D:3 3 runed translucent doors, Azzok's ghost, amateur DrFE; misha's ghost, amateur MiHu
D:5 Menkaure


Innate Abilities, Weirdness & Mutations

You are resistant to torment.
Your stone body is resilient. (AC +5)
You are immune to poison.
You resist negative energy. (rN+)
You are resistant to electric shocks. (rElec)
You can survive without breathing.
You are immune to petrification.
You are immune to rotting.


Message History

Menkaure is moderately damaged.
Menkaure hits you but does no damage.
The crimson imp blinks!
You hit Menkaure but do no damage.
Menkaure is moderately damaged.
Menkaure hits you! The crimson imp misses you.
You completely miss Menkaure.
Menkaure is moderately damaged.
Menkaure casts a spell at you. Pain shoots through your body!
* * * LOW HITPOINT WARNING * * *
Okay, then.
It was a potion of degeneration.
There was something very wrong with that liquid.
You feel weakened.
You feel dopey.
You feel clumsy. Menkaure hits you!
* * * LOW HITPOINT WARNING * * *
The crimson imp completely misses you.
Menkaure mumbles drily.
Menkaure hits you!
You die...

#.## #........ #..#
+........ ##.######
##### #........
#.##...## ##...##
#........
#.#.....#####.....#
#........
#.#...............#
#######.#
#.#.....#####.....#
#.. #.##...##
##5..## ###
#.###.## ##@##
#..##.# #M# ##..'.#
'Z# ####)# .#.#
##.## .##.# ##.[.##
.# ... #.^...#####
... #.......... ...
#.....#####.....


You could see Menkaure, a crimson imp and a quokka zombie.

Vanquished Creatures
  Sigmund (D:5)
  2 sky beasts
  A black bear (D:4)
  An ogre (D:4)
  3 centaurs (D:5)
  3 howler monkeys (D:5)
  2 bullfrog zombies (D:5)
  A crimson imp (D:5)
  A quasit (D:5)
  A hound (D:5)
  A bullfrog skeleton (D:5)
  4 orc priests (D:4)
  An orc wizard (D:4)
  A worker ant (D:5)
  A worker ant zombie (D:5)
  A howler monkey zombie (D:5)
  4 gnolls (D:3)
  4 adders
  A shadow imp (D:5)
  2 oozes
  An adder zombie (D:3)
  An adder skeleton (D:4)
  A worm (D:3)
  3 dart slugs
  2 leopard geckos
  14 orcs
  4 giant cockroaches
  12 hobgoblins
  6 kobolds
  A quokka (D:4)
  3 ball pythons
  10 bats
  6 frilled lizards
  3 goblins
  2 quokka skeletons
  4 rats
109 creatures vanquished.

Vanquished Creatures (others)
  4 withered plants (D:3)
4 creatures vanquished.

Grand Total: 113 creatures vanquished

Notes
Turn   | Place    | Note
-------+----------+-------------------------------------------
     0 | D:1      | Borgoz the Gargoyle Monk began the quest for the Orb.
     0 | D:1      | Reached XP level 1. HP: 14/14 MP: 1/1
   122 | D:1      | Reached XP level 2. HP: 13/19 MP: 2/2
   495 | D:1      | Reached XP level 3. HP: 18/23 MP: 3/3
  1558 | D:3      | Reached XP level 4. HP: 29/29 MP: 4/4
  1793 | D:3      | Found a glowing silver altar of Zin.
  1859 | D:3      | Found a runed translucent gate.
  1859 | D:3      | Found a runed translucent gate.
  1859 | D:3      | Found a runed translucent gate.
  1860 | D:3      | Noticed misha's ghost (amateur MiHu)
  1860 | D:3      | Noticed Azzok's ghost (amateur DrFE)
  2015 | D:3      | Reached XP level 5. HP: 33/33 MP: 5/5
  2376 | D:4      | HP: 1/49 [orc priest/divine providence (7)]
  2555 | D:4      | Noticed a sky beast
  2572 | D:4      | Killed a sky beast
  2572 | D:4      | Reached XP level 6. HP: 18/39 MP: 6/6
  3107 | D:4      | Noticed a black bear
  3108 | D:4      | Killed a black bear
  3108 | D:4      | Reached skill level 1 in Armour
  3108 | D:4      | Reached XP level 7. HP: 44/44 MP: 7/7
  4086 | D:5      | Entered Level 5 of the Dungeon
  4106 | D:5      | Found an ancient bone altar of Kikubaaqudgha.
  4106 | D:5      | Found a hazy altar of Hepliaklqana.
  4111 | D:5      | Found an opulent altar of Gozag.
  4113 | D:5      | Found an ornate altar of the Wu Jian Council.
  4115 | D:5      | Found a burning altar of Makhleb.
  4242 | D:5      | Reached skill level 5 in Fighting
  4362 | D:5      | Reached skill level 5 in Dodging
  4431 | D:5      | Reached XP level 8. HP: 49/49 MP: 8/8
  4494 | D:5      | Reached skill level 5 in Stealth
  4763 | D:5      | Noticed Sigmund
  4785 | D:5      | Killed Sigmund
  5027 | D:5      | Noticed Menkaure
  5070 | D:5      | Slain by Menkaure

Skill      XL: |  1  2  3  4  5  6  7  8 |
---------------+-------------------------+-----
Short Blades   | 3 4 |  4.8
Dodging        | 3 4 5 |  5.8
Stealth        | 3 4 5 |  5.5
Fighting       | 4 5 |  5.8
Armour         | 1 2 3 |  3.6

Action                   |  1- 3 |  4- 6 |  7- 9 || total
-------------------------+-------+-------+-------++-------
Melee: Dagger            |    93 |    99 |   248 ||   440
       Short sword       |     1 |       |       ||     1
  Use: Potion            |       |     4 |     2 ||     6
       Scroll            |       |     1 |       ||     1
 Stab: Sleeping          |     9 |     4 |     3 ||    16
  Eat: Chunk             |     2 |     5 |     6 ||    13
Armor: Robe              |     9 |       |       ||     9
       Leather armour    |     6 |    14 |       ||    20
       Skin              |       |    14 |       ||    14
       Ring mail         |       |     1 |   106 ||   107
Dodge: Dodged            |    64 |    47 |   180 ||   291
